 Dungeon Crawl Stone Soup version 0.28-a0-268-g3f656e82c2 (webtiles) character file.

Game seed: 4280482551533560761

34 Colgate the Covert (level 3, -3/22 HPs)
             Began as a Vampire Delver on Aug 28, 2021.
             Slain by a sky beast (6 damage)
             ... on level 5 of the Dungeon.
             The game lasted 00:02:09 (59 turns).

Colgate the Covert (Vampire Delver)                   Turns: 59, Time: 00:02:12

Health: -3/22      AC:  3    Str: 11    XL:     3   Next: 14%
Magic:  3/3        EV: 12    Int: 13    God:
Gold:   0          SH:  0    Dex: 15    Spells: 2/2 levels left

rFire   . . .      SeeInvis +   a - +0 short sword
rCold   + + .      Faith    .   (no shield)
rNeg    + + +      Spirit   .   b - +0 leather armour
rPois   ∞          Reflect  .   (no helmet)
rElec   .          Harm     .   (no cloak)
rCorr   .          Rampage  .   (no gloves)
Will    .....                   (no boots)
Stlth   +++.......              (no amulet)
HPRegen 0.00/turn               (no ring)
MPRegen 0.08/turn               (no ring)

@: bloodless, inhibited regen, very slow
A: bloodless, fangs 3, see invisible, vampiric 2
a: Bat Form, Revivify


You were on level 5 of the Dungeon.
You visited 1 branch of the dungeon, and saw 1 of its levels.

Inventory:

Hand Weapons
 a - a +0 short sword (weapon)
Armour
 b - a +0 leather armour (worn)
Wands
 g - a wand of digging (2)
Scrolls
 c - a scroll of fog
 e - a scroll of fear
Potions
 f - a potion of haste


   Skills:
 - Level 2.6 Fighting
 - Level 2.1 Short Blades
 - Level 2.1 Dodging
 + Level 8.8 Stealth


You had 2 spell levels left.
You didn't know any spells.
Your spell library was empty.

Dungeon Overview and Level Annotations

Branches:
Dungeon (5/15)
 Temple: D:4-7

Altars:

Portals:
Sewer: D:5


Innate Abilities, Weirdness & Mutations

You do not regenerate when monsters are visible.
You are frail without blood (-20% HP).
You can heal yourself when you bite living creatures.
You are immune to poison.
You have razor-sharp teeth.
You have supernaturally acute eyesight. (SInv)
You are afflicted with vampirism and can become a bat while bloodless.


Message History

You become bloodless.
A sky beast comes into view.
Found a club.
Aiming: Dig
Press: ? - help, Shift-Dir - straight line A rock wall.
The rock shatters into small pieces.
The sky beast flickers out of sight for a moment.
An adder comes into view.
You open the door.
There is an open door here.
Found a glowing drain.
You hear the slow rusting of a drain.
You open the door. The sky beast completely misses you.
The sky beast flickers out of sight for a moment.
There is an open door here.
You enter the shallow water.
Moving in this stuff is going to be slow.
The rat splashes around in the water.
The rat bites you but does no damage. The sky beast closely misses you.
The rat barely misses you. The rat bites you but does no damage.
You barely miss the rat. The rat bites you but does no damage.
The rat closely misses you. The sky beast closely misses you.
The rat barely misses you.
Your unstable footing causes you to fumble your attack.
The rat bites you. The rat closely misses you. The sky beast hits you.
The sky beast shocks you.
* * * LOW HITPOINT WARNING * * *
The river rat barely misses you. The rat barely misses you.
Your unstable footing causes you to fumble your attack.
The rat barely misses you. The rat closely misses you.
The sky beast closely misses you. The river rat closely misses you.
The rat closely misses you.
Your unstable footing causes you to fumble your attack.
The rat splashes around in the water.
The rat closely misses you.
The sky beast flickers out of sight for a moment.
The sky beast hits you.
* * * LOW HITPOINT WARNING * * *
The sky beast shocks you.
You die...

*,,,,,,,,,* **,**
*,,,,,,,,,* *,.#
*,,,,,,,,,* *#.##
*,,,,,,,,,*****#..#
*,,,,,,,,,,,,,,...#
*,,,,,,,,,######..#
*,,,.....,#BB≈≈#..#
*,,.......#≈r≈≈#.#*
*,,.......#≈r@Y'.#
*,,.......#≈r≈r#.#
*,,.......#≈≈≈≈#≈#
****,,.......######.#
,,,,,,..............#
,,,,,,............###
,,,,#####+###.....#
,,,,#.......'.....#
,,,,#.......#.....#


You could see a sky beast (invisible), a river rat, 2 giant cockroaches and 3
rats.

Vanquished Creatures
  A centaur zombie (D:5)
1 creature vanquished.

Notes
Turn   | Place    | Note
-------+----------+-------------------------------------------
     0 | D:5      | Colgate the Vampire Delver began the quest for the Orb.
     0 | D:5      | Reached XP level 1. HP: 17/17 MP: 1/1
    13 | D:5      | Reached skill level 8 in Stealth
    13 | D:5      | Reached XP level 2. HP: 15/23 MP: 2/2
    13 | D:5      | Gained mutation: You are afflicted with vampirism and can
                  | become a bat while bloodless. [Vampire growth]
    13 | D:5      | Reached XP level 3. HP: 18/28 MP: 3/3
    25 | D:5      | Noticed a sky beast
    46 | D:5      | Found a glowing drain.
    59 | D:5      | Slain by a sky beast

Illustrated notes

Levels and vault maps discovered:
D:5:      layout_gridville, portal_sewer_entry_c, serial_shops,
          nicolae_stop_n_shop_2, eino_small_chamber_without_monster

Skill      XL: |  1 |
---------------+----+-----
Stealth        | 8 |  8.8
Fighting       | |  2.6
Short Blades   | |  2.1
Dodging        | |  2.1

Action                   || total
-------------------------++-------
Melee: Short sword       ||     7
       Bite              ||     2
 Abil: Exsanguinate      ||     1
Evoke: Wand              ||     1
  Use: Scroll            ||     1
 Stab: Sleeping          ||     1
Armor: Leather armour    ||     3
Dodge: Dodged            ||    17

Table legend: (Time is in decaauts)
 A = Elapsed time spent in this place.
 B = Non-inter-level travel time spent in this place.
 C = Inter-level travel time spent in this place.
 D = Time resting spent in this place.
 E = Time spent auto-exploring this place.
 F = Levels seen in this place.
 G = Mean time per level.
                   A        B        C        D        E       F      G
               +--------+--------+--------+--------+--------+-----+--------+
         Total |     60 |     54 |      6 |      0 |      0 |   1 |   60.0 |
       Dungeon |     60 |     54 |      6 |      0 |      0 |   1 |   60.0 |
               +--------+--------+--------+--------+--------+-----+--------+

Top non-repeatable levels by time:
     D:5: 60 daAuts
